 Dungeon Crawl Stone Soup version 0.23-a0-891-g16004d8 (webtiles) character file.

Game seed: 4672421799220532947

119989 Orethel the Warrior (level 16, -1/235 HPs)
             Began as a Minotaur Berserker on Jan 28, 2019.
             Was an Elder of Trog.
             Slain by a large abomination (25 damage)
             ... on level 1 of the Abyss.
             The game lasted 03:49:25 (30744 turns).

Orethel the Warrior (Minotaur Berserker)           Turns: 30744, Time: 03:49:27

Health: -1/235     AC: 28    Str: 29    XL:     16   Next: 29%
Magic:  8/8        EV: 13    Int:  4    God:    Trog [****..]
Gold:   1038       SH: 13    Dex: 15    Spells: 15/15 levels left

rFire    . . .     SeeInvis .   n - +3 morningstar (antimagic)
rCold    . . .     Gourm    .   O - +0 large shield
rNeg     . . .     Faith    .   r - +4 storm dragon scales "Lapihuh" {+Inv rElec}
rPois    +         Spirit   .   t - +0 hat {MR+}
rElec    +         Reflect  .   d - +1 cloak {rPois}
rCorr    .         Harm     .   C - +0 pair of gloves
MR       ++++.                  I - +0 pair of boots
Stlth    ..........             (no amulet)
HPRegen  1.49/turn              p - ring of magical power
MPRegen  0.11/turn              v - ring of stealth

@: berserking (expiring), regenerating, very quick
A: retaliatory headbutt, horns 2
a: Berserk, Trog's Hand, Brothers in Arms, Renounce Religion, Evoke Invisibility


You were on level 1 of the Abyss.
You worshipped Trog.
Trog was greatly pleased with you.
You were not hungry.

You visited 3 branches of the dungeon, and saw 23 of its levels.
You visited the Abyss 1 time.

You collected 2138 gold pieces.
You spent 1100 gold pieces at shops.

Inventory:

Hand Weapons
 j - a +2 great mace of protection
 n - a +3 antimagic morningstar (weapon)
Missiles
 s - 7 javelins of returning (quivered)
 D - 3 tomahawks of returning
 E - 4 javelins of penetration
Armour
 d - a +1 cloak of poison resistance (worn)
 r - the +4 storm dragon scales "Lapihuh" (worn) {+Inv rElec}
   (You found it on level 4 of the Dungeon)

   It insulates you from electricity.
   It lets you turn invisible.
 t - a +0 hat of magic resistance (worn)
 C - a +0 pair of gloves (worn)
 I - a +0 pair of boots (worn)
 L - a +2 plate armour of magic resistance
 O - a +0 large shield (worn)
 T - a scarf of cloud immunity
 X - a +2 ring mail of poison resistance
Jewellery
 p - a ring of magical power (left hand)
 v - a ring of stealth (right hand)
 w - the ring "Catexiz" {Ice Str-5 Dex+5}
   (You found it on level 4 of the Lair of Beasts)

   [ring of ice]

   It enhances your ice magic.
   It affects your strength (-5).
   It affects your dexterity (+5).
   It makes you vulnerable to fire.
   It protects you from cold.
Wands
 b - a wand of clouds (2)
 l - a wand of random effects (51)
 x - a wand of polymorph (17)
 H - a wand of disintegration (13)
 J - a wand of iceblast (9)
 N - a wand of acid (18)
Scrolls
 f - 12 scrolls of remove curse
 g - 17 scrolls of teleportation
 h - 2 scrolls of fog
 i - 4 scrolls of magic mapping
 m - a scroll of blinking
 q - 2 scrolls of vulnerability
 u - 4 scrolls of fear
 y - 4 scrolls of enchant armour
 z - 3 scrolls of acquirement
 P - 2 scrolls of enchant weapon
 Q - 3 scrolls of immolation
 Z - a scroll of silence
Potions
 a - 3 potions of lignification
 e - 2 potions of haste
 k - 3 potions of curing
 o - 6 potions of brilliance
 F - a potion of agility
 K - 2 potions of cancellation
 M - a potion of flight
 R - a potion of might {unknown}
 S - 2 potions of berserk rage
 V - 2 potions of magic
 W - a potion of mutation {unknown}
Miscellaneous
 A - a lamp of fire
 B - a box of beasts
 G - a phial of floods
Comestibles
 c - 40 rations


   Skills:
 + Level 18.2 Fighting
 + Level 18.0 Maces & Flails
 - Level 1.0 Throwing
 + Level 17.3 Armour
 * Level 13.4 Dodging
 - Level 1.6 Stealth


You had 15 spell levels left.
You didn't know any spells.
Your spell library was empty.

Dungeon Overview and Level Annotations

Branches:
Dungeon (15/15) Temple (0/1) D:6 Lair (6/6) D:10 Shoals (0/4) Lair:4 Snake (0/4) Lair:4 Slime (0/5) Lair:5 Orc (2/2) D:11 Elf (0/3) Orc:2 Vaults (0/5) D:13 D:14 Depths (0/5) D:15

Altars:
Elyvilon
Fedhas
Hepliaklqana
Kikubaaqudgha
Nemelex Xobeh
Okawaru
Qazlal
Trog
Uskayaw
Wu Jian
Yredelemnul
The Shining One
Beogh

Shops:
D:10 !   D:15 !}   Orc:1 *[*}   Orc:2 (:*:(

Annotations:
D:10 Sonja
D:14 exclusion: Roxanne, Roxanne
Orc:1 2 transporters


Innate Abilities, Weirdness & Mutations

You reflexively headbutt those who attack you in melee.
You have a pair of horns on your head.


Message History

A tentacled starspawn comes into view.
The large abomination hits you!
* * * LOW HITPOINT WARNING * * *
You impale something!!
Tentacles burst from the starspawn's body!
Something bites you.
* * * LOW HITPOINT WARNING * * *
Something claws you.
* * * LOW HITPOINT WARNING * * *
Something barely misses you. 2 starspawn tentacles come into view.
You are too berserk!
The large abomination misses you.
You closely miss something.
The ynoxinul gestures.
Something bites you but does no damage. Something claws you.
* * * LOW HITPOINT WARNING * * *
Something tramples you but does no damage.
The large abomination hits you!!
You die...

## .. # # # .
### . # .#.#.
.(.. ## . .
.#.##....#..#.#
..#... . . ..
###..# 5..#.#
#@{F### 5# #
##X#45d.# X .
#.3# ##5.5
#Xw5# #ยงยง.#.#
# w.#5. .#.. #
#.##....# 5 #
#. #.... .# .
## #. #.... ..#
t .# #.#..# . #
.5


You could see a yellow draconian, a tentacled starspawn, a large abomination, a
hellwing, a blink frog (berserk), a ynoxinul, 2 starspawn tentacles, a white imp
and 3 ufetubi.

Vanquished Creatures
  A bone dragon (Abyss:1)
  Kirke (Lair:6)
  2 tentacled starspawn (Abyss:1)
  Gastronok (Lair:2)
  An orc warlord (Orc:2)
  A very ugly thing (Abyss:1)
  A merfolk javelineer (D:14)
  A fire dragon (Lair:4)
  2 slime creatures (D:11)
  Josephine (D:11)
  8 hydras
  4 centaur warriors
  13 two-headed ogres
  3 ogre magi
  7 death yaks (Lair:6)
  3 catoblepae (Lair:6)
  2 tengu warriors
  2 thrashing horrors (Abyss:1)
  Urug (D:14)
  Nergalle (Lair:1)
  A deep elf knight (D:14)
  An unseen horror (D:9)
  A deep elf archer (D:14)
  2 deep trolls
  2 wizards (D:15)
  A necromancer (D:15)
  3 orc knights
  2 orc sorcerers (D:15)
  A large abomination (Abyss:1)
  A deep elf mage (D:13)
  2 wolf spider zombies
  3 oklob plants (Lair:3)
  8 cyclopes
  9 ugly things
  A wolf spider (D:9)
  3 manticores
  Maurice (D:13)
  A merfolk siren (Lair:4)
  A naga mage (D:15)
  3 elephants (Lair:6)
  5 black mambas
  Psyche (D:11)
  Joseph (Lair:1)
  9 spiny frogs
  A gargoyle (D:11)
  8 rime drakes (Lair:4)
  8 komodo dragons
  An ancient zyme (Abyss:1)
  3 polar bears
  4 meliai
  15 trolls
  A hornet (shapeshifter) (D:12)
  A polar bear (shapeshifter) (D:13)
  A blink frog (shapeshifter) (D:8)
  24 blink frogs
  5 hornets
  14 hippogriffs
  6 dream sheep (Lair:4)
  A centaur simulacrum (D:15)
  A vampire (D:15)
  5 water elementals (D:14)
  2 shadows
  A tarantella (shapeshifter) (D:10)
  5 wraiths
  49 yaks
  3 wyverns
  11 steam dragons (Lair:4)
  7 basilisks
  A redback simulacrum (D:15)
  A hungry ghost (D:13)
  3 vampire mosquitoes (D:14)
  16 humans
  4 wargs
  Edmund (D:6)
  An acid dragon (D:15)
  8 water moccasins
  2 soldier ants
  5 porcupines
  15 orc warriors
  Duvessa (D:6)
  A swamp drake (D:11)
  4 black bears
  3 phantoms
  3 sky beasts
  22 wolves
  5 centaurs
  An eye of draining (D:13)
  A hornet zombie (D:15)
  32 ogres
  11 crocodiles
  Blork the orc (D:6)
  A big kobold (D:9)
  24 bullfrogs
  3 small abominations (Abyss:1)
  Dowan (D:6)
  8 scorpions
  5 wights (D:10)
  2 howler monkeys (D:11)
  3 electric eels
  4 crimson imps
  5 centaur skeletons
  A centaur zombie (D:7)
  3 bullfrog zombies
  2 quasits
  5 hounds
  An iron imp (Abyss:1)
  6 jellies
  18 orc priests
  2 bullfrog skeletons
  3 iguanas
  20 orc wizards
  12 worker ants
  2 killer bee zombies (D:10)
  2 hound zombies (D:6)
  2 gnolls (D:10)
  A howler monkey skeleton (D:4)
  19 adders
  5 shadow imps
  5 oozes
  An adder skeleton (D:9)
  2 adder zombies (D:5)
  A worm (D:8)
  4 dart slugs
  8 leopard geckos
  78 orcs
  6 giant cockroaches
  6 hobgoblins
  3 jackals (D:1)
  6 quokkas
  17 bats
  2 frilled lizards
  11 goblins
  A jackal skeleton (D:8)
  16 kobolds
  8 rats
  4 fungi
  5 plants
782 creatures vanquished.

Vanquished Creatures (collateral kills)
  2 orc warlords
  The ghost of MsNecromancer the Fencer, a journeyman MiFi of Gozag (D:14)
  A merfolk impaler (D:14)
  A hydra (D:10)
  A two-headed ogre (Orc:1)
  A centaur warrior (D:14)
  An ugly thing (D:9)
  An efreet (D:14)
  A komodo dragon (D:10)
  2 meliai (D:14)
  A blink frog (Lair:6)
  A yak (Lair:6)
  2 hogs (Lair:6)
  An acid dragon (D:9)
  4 orc warriors
  An ogre (Orc:1)
  A bullfrog (D:10)
  An orc priest (Orc:1)
  3 orc wizards (Orc:1)
  A gnoll (D:10)
  6 orcs (Orc:1)
34 creatures vanquished.

Vanquished Creatures (others)
  A rime drake (Lair:4)
  3 humans (Lair:6)
  3 yaks (Lair:5)
  A porcupine (Lair:5)
  A sky beast (D:13)
  23 fungi
  13 plants
  6 starspawn tentacles (Abyss:1)
51 creatures vanquished.

Grand Total: 867 creatures vanquished

Notes
Turn   | Place    | Note
-------+----------+-------------------------------------------
     0 | D:1      | Orethel the Minotaur Berserker began the quest for the Orb.
     0 | D:1      | Reached XP level 1. HP: 19/19 MP: 0/0
   114 | D:1      | Reached XP level 2. HP: 27/27 MP: 1/1
   317 | D:1      | Reached XP level 3. HP: 29/33 MP: 2/2
   341 | D:1      | Reached ** piety under Trog
  1106 | D:2      | Found a blossoming altar of Fedhas.
  1177 | D:2      | Reached skill level 5 in Maces & Flails
  1230 | D:2      | Reached XP level 4. HP: 40/40 MP: 3/3
  1439 | D:2      | Found an iron altar of Okawaru.
  1637 | D:2      | Found a faded altar of an unknown god.
  2127 | D:3      | Reached *** piety under Trog
  2136 | D:3      | Reached skill level 1 in Throwing
  2136 | D:3      | Reached XP level 5. HP: 16/46 MP: 4/4
  2607 | D:4      | Found a white marble altar of Elyvilon.
  2677 | D:4      | Reached skill level 1 in Stealth
  2681 | D:4      | Reached XP level 6. HP: 32/52 MP: 5/5
  2977 | D:4      | Found a hazy altar of Hepliaklqana.
  3096 | D:4      | Reached XP level 7. HP: 25/59 MP: 6/6
  3310 | D:3      | Reached skill level 5 in Armour
  4091 | D:4      | Got ichor-stained storm dragon scales
  4102 | D:4      | Identified the +4 storm dragon scales "Lapihuh" {+Inv
                  | rElec} (You found it on level 4 of the Dungeon)
  4108 | D:4      | Found a sparkling altar of Nemelex Xobeh.
  4261 | D:5      | Entered Level 5 of the Dungeon
  4314 | D:5      | Reached **** piety under Trog
  4338 | D:5      | Reached XP level 8. HP: 63/66 MP: 7/7
  4359 | D:5      | Reached skill level 10 in Maces & Flails
  5242 | D:6      | Found a staircase to the Ecumenical Temple.
  5280 | D:6      | Noticed Blork the orc
  5287 | D:6      | Killed Blork the orc
  5331 | D:6      | Noticed Dowan
  5331 | D:6      | Noticed Edmund
  5332 | D:6      | Noticed Duvessa
  5338 | D:6      | Killed Edmund
  5346 | D:6      | Killed Duvessa
  5348 | D:6      | Killed Dowan
  5348 | D:6      | Reached XP level 9. HP: 71/71 MP: 8/8
  5504 | D:6      | Found a bloodstained altar of Trog.
  5836 | D:6      | Found a glowing golden altar of the Shining One.
  7391 | D:8      | Found an ancient bone altar of Kikubaaqudgha.
  7892 | D:8      | Found a stormy altar of Qazlal.
  8117 | D:8      | Received a gift from Trog
  8135 | D:8      | Reached skill level 15 in Maces & Flails
  8776 | D:9      | Reached ***** piety under Trog
  8799 | D:9      | Noticed a two-headed ogre
  8813 | D:9      | Reached XP level 10. HP: 54/78 MP: 9/9
  8823 | D:9      | Killed a two-headed ogre
  9099 | D:9      | You fall through a shaft!
  9099 | D:10     | Entered Level 10 of the Dungeon
  9178 | D:10     | Found Guimm's Distillery.
  9181 | D:10     | Bought a potion of haste for 160 gold pieces
  9181 | D:10     | Bought a potion of cancellation for 128 gold pieces
  9181 | D:10     | Bought a potion of curing for 48 gold pieces
  9181 | D:10     | Bought a potion of degeneration for 16 gold pieces
  9181 | D:10     | Bought a potion of heal wounds for 80 gold pieces
  9181 | D:10     | Bought a potion of flight for 48 gold pieces
  9190 | D:10     | Identified 2 scrolls of acquirement
  9222 | D:10     | Received a gift from Trog
  9308 | D:9      | Found an ornate altar of the Wu Jian Council.
  9315 | D:9      | Found the +0 Maxwell's etheric cage {RegenMP+ *Contam rElec
                  | MP+4}
  9407 | D:9      | Reached skill level 5 in Fighting
  9415 | D:9      | Noticed a cyan ugly thing
  9426 | D:9      | Killed a cyan ugly thing
  9467 | D:9      | Noticed a wolf spider
  9664 | D:9      | Killed an unseen horror
  9742 | D:9      | Noticed a five-headed hydra
  9747 | D:9      | Killed a five-headed hydra
  9747 | D:9      | Reached skill level 5 in Dodging
  9811 | D:9      | Killed a wolf spider
  9927 | D:9      | Reached XP level 11. HP: 76/92 MP: 3/10
  9933 | D:9      | Found a basalt altar of Yredelemnul.
 10440 | D:10     | Noticed an orc knight
 10483 | D:10     | Killed an orc knight
 10543 | D:10     | Noticed Sonja
 10565 | D:10     | Noticed a five-headed hydra
 10576 | D:10     | Killed a five-headed hydra
 11095 | D:10     | Found a staircase to the Lair.
 11392 | D:11     | Noticed a red ugly thing
 11401 | D:11     | Killed a red ugly thing
 11534 | D:11     | Reached skill level 10 in Fighting
 11689 | D:11     | Noticed a purple ugly thing
 11699 | D:11     | Killed a purple ugly thing
 11827 | D:11     | Found a staircase to the Orcish Mines.
 12338 | D:11     | Reached skill level 10 in Armour
 12484 | Lair:1   | Entered Level 1 of the Lair of Beasts
 12513 | Lair:1   | Noticed Nergalle
 12532 | Lair:1   | Killed Nergalle
 12646 | Lair:1   | Noticed Joseph
 12654 | Lair:1   | Reached XP level 12. HP: 107/108 MP: 6/11
 12657 | Lair:1   | Killed Joseph
 12749 | Lair:1   | Found a gate leading to a gauntlet.
 13571 | Lair:2   | Noticed a four-headed hydra
 13588 | Lair:2   | Killed a four-headed hydra
 14121 | Lair:2   | Noticed Gastronok
 14133 | Lair:2   | Killed Gastronok
 14268 | Lair:2   | Got a crystal fustibalus
 14269 | Lair:2   | Identified the +5 fustibalus of Untruth {venom, MR- Int+7}
                  | (You found it on level 2 of the Lair of Beasts)
 14664 | Lair:3   | Found a glowing golden altar of the Shining One.
 14904 | Lair:3   | Reached XP level 13. HP: 122/122 MP: 7/12
 15702 | Lair:3   | Got a steaming ring mail
 15713 | Lair:3   | Identified the +1 ring mail of Generosity {rF- Dex+4} (You
                  | found it on level 3 of the Lair of Beasts)
 15889 | Lair:4   | Found a frozen archway.
 15910 | Lair:4   | You fall through a shaft for 2 floors!
 15910 | Lair:6   | Entered Level 6 of the Lair of Beasts
 15910 | Lair:6   | Noticed Kirke
 15940 | Lair:6   | Killed Kirke
 15987 | Lair:6   | HP: 6/124 [komodo dragon (12)]
 16520 | Lair:6   | Reached skill level 10 in Dodging
 17032 | Lair:6   | Reached skill level 15 in Fighting
 17217 | Lair:6   | Reached XP level 14. HP: 94/135 MP: 7/13
 17728 | Lair:5   | Found a staircase to the Slime Pits.
 19046 | Lair:4   | Reached skill level 15 in Armour
 19978 | Lair:4   | Got an ancient turquoise ring
 19980 | Lair:4   | Identified the ring "Catexiz" {Ice Str-5 Dex+5} (You found
                  | it on level 4 of the Lair of Beasts)
 20223 | Lair:4   | Found a staircase to the Shoals.
 20497 | Lair:4   | Found a staircase to the Snake Pit.
 21662 | D:12     | Noticed Josephine
 21678 | D:11     | Killed Josephine
 22280 | D:12     | Noticed Psyche
 22312 | D:11     | Killed Psyche
 22735 | D:12     | Received a gift from Trog
 22828 | D:12     | Found a hide-covered altar of Uskayaw.
 23136 | Orc:1    | Entered Level 1 of the Orcish Mines
 23152 | Orc:1    | Noticed an orc warlord
 23191 | D:11     | Killed an orc warlord
 23597 | Orc:1    | Found Xousoin's General Store.
 23630 | Orc:1    | Found Domae's Antique Armour Shoppe.
 23727 | Orc:2    | Entered Level 2 of the Orcish Mines
 23822 | Orc:1    | Received a gift from Trog
 23999 | Orc:2    | Found Saoxa's Weapon Boutique.
 24027 | Orc:2    | Found Qosoaraves's Book Emporium.
 24039 | Orc:1    | Found a transporter.
 24071 | Orc:1    | Reached XP level 15. HP: 102/145 MP: 7/14
 24250 | Orc:1    | Noticed an orc warlord
 24255 | Orc:1    | Found a roughly hewn altar of Beogh.
 24255 | Orc:1    | Found a transporter.
 24267 | Orc:1    | Found Ethe's Assorted Antiques.
 24331 | Orc:1    | Found Sewkymme's Gadget Boutique.
 24988 | Orc:2    | Found Betuxal's Book Shop.
 24998 | Orc:2    | Found Voimaff's Antique Weapon Shoppe.
 24999 | Orc:2    | Found Siomudd's General Store.
 25012 | Orc:2    | Bought a potion of curing for 30 gold pieces
 25012 | Orc:2    | Bought a scroll of identify for 20 gold pieces
 25012 | Orc:2    | Bought a scroll of identify for 20 gold pieces
 25012 | Orc:2    | Bought a scroll of remove curse for 30 gold pieces
 25156 | Orc:2    | Found a staircase to the Elven Halls.
 25177 | Orc:2    | Noticed an orc warlord
 25232 | Orc:2    | Killed an orc warlord
 25620 | Orc:1    | Bought a scroll of blinking for 97 gold pieces
 25620 | Orc:1    | Bought a scroll of teleportation for 39 gold pieces
 25629 | Orc:1    | Bought a runed scarf for 248 gold pieces
 25834 | D:13     | Received a gift from Trog
 26575 | D:13     | Noticed Maurice
 26599 | D:13     | Killed Maurice
 26850 | D:14     | Found a gate to the Vaults.
 26850 | D:14     | Noticed Urug
 27129 | D:14     | Killed Urug
 27536 | D:14     | Noticed Roxanne
 27630 | D:14     | Paralysed by a hornet for 1 turns
 27697 | D:14     | Found a runed translucent gate.
 27698 | D:14     | Found a runed translucent gate.
 27699 | D:14     | Found a runed translucent gate.
 27700 | D:14     | Found an iron altar of Okawaru.
 27700 | D:14     | Noticed MsNecromancer's ghost (journeyman MiFi)
 27701 | D:14     | Noticed an orc warlord
 28573 | D:14     | Killed MsNecromancer's ghost
 28585 | D:14     | Killed an orc warlord
 28988 | D:15     | Entered Level 15 of the Dungeon
 29557 | D:15     | Found Devoesh's Distillery.
 29590 | D:15     | Bought a potion of curing for 51 gold pieces
 29590 | D:15     | Bought a potion of heal wounds for 85 gold pieces
 29705 | D:15     | Reached XP level 16. HP: 149/157 MP: 8/15
 29766 | D:15     | Found Hutorul's Gadget Shop.
 29829 | D:15     | Found a basalt altar of Yredelemnul.
 29960 | D:15     | Found a staircase to the Depths.
 30178 | D:10     | Cast into level 1 of the Abyss (Sonja)
 30211 | Abyss:1  | Noticed a tentacled starspawn
 30224 | Abyss:1  | Killed a tentacled starspawn
 30246 | Abyss:1  | Noticed a tentacled starspawn
 30263 | Abyss:1  | Killed a tentacled starspawn
 30324 | Abyss:1  | Noticed a tentacled monstrosity
 30381 | Abyss:1  | Found a blossoming altar of Fedhas.
 30651 | Abyss:1  | Noticed a bone dragon
 30690 | Abyss:1  | Noticed a bone dragon
 30735 | Abyss:1  | Killed a bone dragon
 30741 | Abyss:1  | Noticed a tentacled starspawn
 30744 | Abyss:1  | Slain by a large abomination

Vault maps used:
D:1:      minmay_arrival_loop, minmay_pentomino_w4
D:2:      overflow_temple_1_default, lemuel_doored_altar, first_ration,
          chequers_ecumenical_altar_lobes, minmay_box_of_dots
D:4:      old_forge, nicolae_overflow_hidden_temple, overflow_temple_1_default,
          kennysheep_little_box, kennysheep_path_1, interstate_on_off
D:5:      minmay_clustersquares, minmay_misc_feat_diagonals
D:6:      marbit_many_paths, nicolae_tso_swordbearing_angel, temple_statues,
          roderic_lattice_a, minmay_misc_feat_cross, uniq_blork_the_orc,
          uniq_edmund, uniq_duvessa
D:8:      grunt_qazlal_clouds, nicolae_overflow_crystal_walls,
          hangedman_pestilent_swarm, minmay_misc_feat_tower
D:9:      yredelemnul_altar_generic, lemuel_crystal_altar, minmay_evil_grid
D:10:     minmay_tri_box, due_lair_maze_entry_diamond, serial_shops,
          kennysheep_mini_moat, uniq_sonja
D:11:     erik_orc_1
D:12:     basic_altar, minivault_20, small_chamber_with_monster, uniq_psyche,
          uniq_josephine
D:13:     grunt_decor_arrowhead, chequers_serial_rivers_room_a, uniq_maurice
D:14:     wad_lake_hut, david_vaults_3, gammafunk_ghost_fury_of_okawaru,
          serial_park_square2, minmay_strange_pillars, uniq_roxanne
D:15:     grunt_enter_depths_magical_seal, serial_shops, nicolae_shop_stone,
          shop, basic_altar, minmay_misc_feat_tiny, minivault_20
Lair:1:   gauntlet_entry_generic, beast_lair_carwin_4, uniq_nergalle,
          uniq_joseph
Lair:2:   beast_lair_carwin_large_3, uniq_gastronok
Lair:3:   basic_altar, kennysheep_basilisk_garden, serial_bayou_shore_b,
          serial_bayou_shore_a, minmay_lair_oklob_chamber
Lair:4:   minmay_shoals_entry_lonely_mermaid, dummy_snake_entry,
          portal_ice_cave_entry_pillars_1, chequers_serial_rivers_micro_b,
          chequers_serial_rivers_micro_e, bobbens_dragon_lair_wall,
          grunt_megastairs_2
Lair:5:   statuecave_lemuel, nicolae_slime_entry_slimehenge
Lair:6:   evilmike_catoblepas_cave, uniq_kirke
Orc:1:    gammafunk_beogh_shrine, serial_shops, shop,
          nicolae_shop_overgrown_old_shop, nicolae_shop_stone,
          nicolae_shop_overgrown_old_shop
Orc:2:    st_orc_open, serial_shops, shop, nicolae_orc_sculptors_studio

Skill      XL: |  1  2  3  4  5  6  7  8  9 10 11 12 13 14 15 16 |
---------------+-------------------------------------------------+-----
Maces & Flails | 4 5 6 7 9 12 15 16 17 18 | 18.0
Fighting       | 4 7 10 13 15 16 17 18 | 18.2
Dodging        | 3 5 7 8 10 12 13 | 13.4
Throwing       | 1 |  1.0
Armour         | 3 4 5 7 10 12 14 15 16 17 | 17.3
Stealth        | 1 |  1.6

Action                   |  1- 3 |  4- 6 |  7- 9 | 10-12 | 13-15 | 16-18 || total
-------------------------+-------+-------+-------+-------+-------+-------++-------
Melee: Mace              |    64 |   126 |    58 |       |       |       ||   248
       Headbutt          |    10 |    17 |    96 |   129 |   355 |    40 ||   647
       Morningstar       |       |       |   159 |   596 |  1268 |   132 ||  2155
       Flail             |       |       |   200 |    40 |       |       ||   240
       Great mace        |       |       |       |       |    80 |       ||    80
Throw: Stone             |     9 |       |       |       |       |       ||     9
       Javelin           |       |       |       |     2 |     3 |       ||     5
Invok: Trog's Hand       |       |     2 |     1 |    10 |    17 |     7 ||    37
       Berserk           |       |     2 |     3 |     8 |    23 |     4 ||    40
       Brothers in Arms  |       |       |       |     4 |     9 |       ||    13
 Abil: Evoke Invisibilit |       |       |       |       |     1 |       ||     1
Evoke: Lamp of fire      |       |       |     1 |       |       |       ||     1
       Wand              |       |       |       |       |     1 |       ||     1
  Use: Scroll            |       |       |       |    12 |     8 |     5 ||    25
       Potion            |       |       |       |     1 |     9 |     8 ||    18
 Stab: Held in net/web   |       |       |     1 |       |       |       ||     1
       Petrified         |       |       |       |       |     2 |       ||     2
       Sleeping          |       |       |       |       |     1 |       ||     1
  Eat: Chunk             |     1 |     7 |    18 |    33 |    69 |     3 ||   131
       Ration            |       |       |     1 |       |     4 |     2 ||     7
Armor: Animal skin       |    19 |    21 |       |       |       |       ||    40
       Scale mail        |       |    26 |       |       |       |       ||    26
       Chain mail        |       |    14 |    28 |       |       |       ||    42
       Storm dragon scal |       |       |   181 |   443 |   494 |   112 ||  1230
       Plate armour      |       |       |       |       |   438 |    27 ||   465
       Ring mail         |       |       |       |       |    17 |       ||    17
Dodge: Dodged            |    49 |    87 |    90 |   221 |   635 |   133 ||  1215
Block: Shield            |       |    28 |   105 |   234 |     7 |       ||   374
       Large shield      |       |       |       |       |   913 |   157 ||  1070

Table legend:
 A = Non-vault XP
 B = Vault XP
 C = Vault XP percentage of total XP
 D = Non-vault monster count
 E = Vault monster count
 F = Vault count percentage of total count
                 A         B        C        D         E       F
            +---------+---------+-------+---------+---------+-------
      Total |   95068 |   76345 |  44.5 |     556 |     251 |  31.1
            +---------+---------+-------+---------+---------+-------
        D:1 |      62 |       9 |  12.7 |      27 |       6 |  18.2
        D:2 |      41 |      18 |  30.5 |      12 |       4 |  25.0
        D:3 |     234 |       0 |   0.0 |      33 |       0 |   0.0
        D:4 |     473 |     394 |  45.4 |      13 |      14 |  51.9
        D:5 |     644 |     342 |  34.7 |      24 |      10 |  29.4
        D:6 |     440 |     477 |  52.0 |       7 |       5 |  41.7
        D:7 |     576 |       0 |   0.0 |      17 |       0 |   0.0
        D:8 |     630 |     692 |  52.3 |      13 |       4 |  23.5
        D:9 |    2495 |    3417 |  57.8 |      30 |      11 |  26.8
       D:10 |    2468 |    2414 |  49.4 |      26 |      12 |  31.6
       D:11 |   11517 |    2709 |  19.0 |      54 |      22 |  28.9
       D:12 |     971 |    2051 |  67.9 |      15 |       3 |  16.7
       D:13 |    8783 |    2221 |  20.2 |      31 |      10 |  24.4
       D:14 |    7356 |   11699 |  61.4 |      28 |      21 |  42.9
       D:15 |    6522 |    4942 |  43.1 |      20 |      10 |  33.3
     Lair:1 |    3751 |    1674 |  30.9 |      17 |       4 |  19.0
     Lair:2 |    8159 |    2996 |  26.9 |      32 |      11 |  25.6
     Lair:3 |    2025 |    2408 |  54.3 |      12 |       7 |  36.8
     Lair:4 |    4861 |    8225 |  62.9 |      22 |      29 |  56.9
     Lair:5 |    3369 |     140 |   4.0 |      12 |       5 |  29.4
     Lair:6 |   10488 |   14553 |  58.1 |      42 |      26 |  38.2
      Orc:1 |    3380 |    4062 |  54.6 |      40 |       9 |  18.4
      Orc:2 |    3215 |   10902 |  77.2 |      17 |      28 |  62.2
    Abyss:1 |   12608 |       0 |   0.0 |      12 |       0 |   0.0
            +---------+---------+-------+---------+---------+-------
